 Dungeon Crawl Stone Soup version 0.26-a0-540-g8a0c9464d7 (webtiles) character file.

Game seed: 12761587909433986469

320 Fingolfin the Sneak (level 6, 0/62 HPs)
             Began as a Naga Delver on Aug 24, 2020.
             Killed from afar by Natasha (13 damage)
             ... with a puff of flame
             ... on level 2 of the Dungeon.
             The game lasted 00:05:59 (1479 turns).

Fingolfin the Sneak (Naga Delver)                   Turns: 1479, Time: 00:06:03

Health: 0/62       AC:  3    Str: 14    XL:     6   Next: 46%
Magic:  6/6        EV: 10    Int: 13    God:
Gold:   16         SH:  0    Dex: 18    Spells: 5/5 levels left

rFire    . . .     SeeInvis +   m - +1 dagger (drain)
rCold    . . .     Faith    .   (no shield)
rNeg     . . .     Spirit   .   b - +0 leather armour
rPois    +         Reflect  .   (no helmet)
rElec    .         Harm     .   (no cloak)
rCorr    .                      (no gloves)
MR       .....                  (no barding)
Stlth    ++++......             (no amulet)
HPRegen  0.20/turn              n - +6 ring of dexterity
MPRegen  0.10/turn              (no ring)

@: slowed, very slow
A: large, see invisible, deformed body, poison resistance, slowness 2, spit
poison 1, AC +2
a: Spit Poison


You were on level 2 of the Dungeon.
You visited 1 branch of the dungeon, and saw 4 of its levels.

You collected 16 gold pieces.

Inventory:

Hand Weapons
 a - a +0 spear
 m - a +1 dagger of draining (weapon)
Missiles
 h - 8 poisoned darts (quivered)
 i - 17 sling bullets
 j - 51 stones
Armour
 b - a +0 leather armour (worn)
Jewellery
 n - a +6 ring of dexterity (left hand)
 o - a +4 ring of protection {unknown}
Wands
 g - a wand of digging (3)
Scrolls
 c - a scroll of fog
 d - a scroll of magic mapping
 e - a scroll of fear
 k - a scroll of enchant armour {unknown}
 l - a scroll of identify {unknown}
 p - a scroll of random uselessness {unknown}
Potions
 f - a potion of haste


   Skills:
 - Level 6.0 Fighting
 - Level 4.0 Polearms
 + Level 0.3 Armour
 + Level 1.7 Dodging
 - Level 7.2 Stealth


You had 5 spell levels left.
You didn't know any spells.
Your spell library was empty.

Dungeon Overview and Level Annotations

Branches:
Dungeon (5/15)
 Temple: D:4-7

Altars:

Annotations:
D:2 Natasha


Innate Abilities, Weirdness & Mutations

You cannot wear boots.
Your serpentine skin is tough. (AC +2)
You have supernaturally acute eyesight. (SInv)
Armour fits poorly on your strangely shaped body.
Your system is resistant to poisons. (rPois)
You cover ground very slowly.
You can spit poison.


Message History

The magic dart hits you!
You barely miss Natasha.
Natasha is moderately wounded.
Natasha zaps a wand.
The puff of flame hits you!
Press: ? - help, Shift-Dir - straight line, f/p - Natasha
Aim: Natasha, carrying a wand of flame (20) (moderately wounded)
The splash of poison misses Natasha.
Natasha casts a spell.
Natasha zaps a wand.
The puff of flame misses you.
You are too injured to fight recklessly!
Your leather armour prevents you from hitting Natasha.
Natasha is moderately wounded.
Natasha claws you!
You hit Natasha.
Natasha is heavily wounded.
You have got your breath back.
Natasha zaps a wand.
The puff of flame hits you.
* * * LOW HITPOINT WARNING * * *
Natasha zaps a wand.
The puff of flame hits you!
You die...

##.#.#.# #......# #.
..#....
#####...####.#.......###
(......................
#####.#.#.##...#......
#...# ##...#....# #.###
#.......
#####.#####.#...5h#
#...........#...@.#
#.###.#######.?...#
#........# #..###.#
#####.##.# ##.# #.#
#.##.# ##.# #(#
#.##.####..#### #.#
#.##..........# #..
#.####........# .. #.#
#........###


You could see Natasha and a white imp (summoned).

Vanquished Creatures
  2 ogres (D:4)
  A hound (D:4)
  A jelly (D:2)
  An iguana (D:4)
  An orc wizard (D:3)
  An adder (D:3)
  An adder skeleton (D:4)
  A worm (D:3)
  6 orcs
  A giant cockroach (D:3)
  A goblin (D:3)
  A hobgoblin (D:2)
  2 kobolds (D:3)
  2 quokkas
  A bat (D:3)
  A frilled lizard (D:3)
  A rat (D:2)
25 creatures vanquished.

Notes
Turn   | Place    | Note
-------+----------+-------------------------------------------
     0 | D:5      | Fingolfin the Naga Delver began the quest for the Orb.
     0 | D:5      | Reached XP level 1. HP: 21/21 MP: 1/1
    21 | D:4      | Noticed an iguana
    33 | D:4      | Killed an iguana
    33 | D:4      | Reached XP level 2. HP: 23/28 MP: 2/2
    33 | D:4      | Reached XP level 3. HP: 29/34 MP: 3/3
    80 | D:4      | Noticed an ogre
    96 | D:4      | Killed an ogre
    96 | D:4      | Reached XP level 4. HP: 19/44 MP: 4/4
   312 | D:4      | Noticed an ogre
   319 | D:4      | Killed an ogre
   319 | D:4      | Reached skill level 5 in Fighting
   319 | D:4      | Reached XP level 5. HP: 39/52 MP: 5/5
   436 | D:4      | Reached XP level 6. HP: 36/61 MP: 6/6
  1467 | D:2      | Noticed Natasha
  1479 | D:2      | Killed from afar by Natasha

Illustrated notes

Levels and vault maps discovered:
D:2:      layout_basic, fedhas_ov_isle_minmay, minivault_24, kennysheep_nub,
          uniq_natasha
D:3:      lemuel_upstairs_altar, layout_loops_ring
D:4:      layout_loops_ring, uniq_blork_the_orc
D:5:      layout_basic, uniq_sigmund, uniq_edmund

Skill      XL: |  1  2  3  4  5  6 |
---------------+-------------------+-----
Polearms       | 3 4 |  4.0
Fighting       | 4 5 6 |  6.0
Armour         | |  0.3
Dodging        | |  1.7
Stealth        | |  7.2

Action                   |  1- 3 |  4- 6 || total
-------------------------+-------+-------++-------
Melee: Spear             |    11 |    36 ||    47
       Dagger            |       |    49 ||    49
 Abil: Spit Poison       |     6 |    17 ||    23
 Stab: Sleeping          |       |     2 ||     2
       Distracted        |       |     1 ||     1
Armor: Leather armour    |       |    12 ||    12
Dodge: Dodged            |     4 |    40 ||    44

Table legend: (Time is in decaauts)
 A = Elapsed time spent in this place.
 B = Non-inter-level travel time spent in this place.
 C = Inter-level travel time spent in this place.
 D = Time resting spent in this place.
 E = Time spent auto-exploring this place.
 F = Levels seen in this place.
 G = Mean time per level.
                   A        B        C        D        E       F      G
               +--------+--------+--------+--------+--------+-----+--------+
         Total |   1741 |   1660 |     81 |    669 |    528 |   4 |  435.2 |
       Dungeon |   1741 |   1660 |     81 |    669 |    528 |   4 |  435.2 |
               +--------+--------+--------+--------+--------+-----+--------+

Top non-repeatable levels by time:
     D:4: 750 daAuts
     D:3: 666 daAuts
     D:2: 304 daAuts
     D:5: 20 daAuts
